 Dungeon Crawl Stone Soup version 0.25-a0-566-g062765be81 (webtiles) character file.

Game seed: 13542701974524802609, levelgen mode: deterministic

116915 Flugslaktarn the Severer (level 15, 0/138 HPs)
             Began as a Minotaur Fighter on Feb 28, 2020.
             Was the Champion of Makhleb.
             Hit by a silver javelin thrown by a merfolk javelineer (1 damage)
             ... on level 4 of the Shoals.
             The game lasted 00:12:12 (19219 turns).

Flugslaktarn the Severer (Minotaur Fighter)        Turns: 19219, Time: 00:12:13

Health: 0/138      AC: 24    Str: 29    XL:     15   Next: 90%
Magic:  22/22      EV: 13    Int:  5    God:    Makhleb [******]
Gold:   1164       SH: 18    Dex: 10    Spells: 14/14 levels left

rFire    . . .     SeeInvis .   C - +4 broad axe (flame)
rCold    . . .     Gourm    .   c - +0 kite shield
rNeg     . . .     Faith    .   i - +0 plate armour
rPois    +         Spirit   .   (helmet restricted)
rElec    .         Reflect  +   s - +0 cloak {rPois}
rCorr    .         Harm     .   x - +1 pair of gloves
MR       ++...                  o - +2 pair of boots
Stlth    ..........             g - +4 amulet of reflection
HPRegen  0.33/turn              v - +5 ring of evasion
MPRegen  0.18/turn              m - ring of protection from magic

@: mesmerised
A: retaliatory headbutt, horns 2, sense surroundings 1, strong 1, MP-powered
wands
}: 1/15 runes: gossamer
a: Minor Destruction, Lesser Servant of Makhleb, Major Destruction, Greater
Servant of Makhleb, Renounce Religion


You were on level 4 of the Shoals.
You worshipped Makhleb.
Makhleb was exalted by your worship.
You were not hungry.

You visited 4 branches of the dungeon, and saw 23 of its levels.
You also visited: Sewer and Ossuary.

You collected 1164 gold pieces.

Inventory:

Hand Weapons
 B - a +1 antimagic broad axe
   (You took it off Donald on level 2 of the Spider Nest)
 C - a +4 broad axe of flaming (weapon)
   (You took it off an orc warrior on level 7 of the Dungeon)
Missiles
 k - 4 throwing nets (quivered)
Armour
 c - a +0 kite shield (worn)
 i - a +0 plate armour (worn)
   (You found it on level 3 of the Dungeon)
 o - a +2 pair of boots (worn)
   (You found it on level 3 of the Dungeon)
 s - a +0 cloak of poison resistance (worn)
   (You took it off Maurice on level 8 of the Dungeon)
 x - a +1 pair of gloves (worn)
   (You found it on level 8 of the Dungeon)
 y - the -3 kite shield of Bigeh {rF+ rC+ Dex-3}
   (You found it on level 5 of the Dungeon)

   It affects your dexterity (-3).
   It protects you from fire.
   It protects you from cold.
Jewellery
 g - a +4 amulet of reflection (around neck)
   (You found it on level 2 of the Dungeon)
 m - a ring of protection from magic (right hand)
   (You found it on level 2 of the Lair of Beasts)
 n - an uncursed ring of positive energy
   (You found it on level 9 of the Dungeon)
 v - a +5 ring of evasion (left hand)
   (You found it on level 6 of the Lair of Beasts)
 D - an uncursed ring of protection from magic
   (You found it on level 4 of the Spider Nest)
 J - an uncursed ring of flight
   (You found it on level 2 of the Lair of Beasts)
 K - an uncursed amulet of the acrobat
   (You found it on level 3 of the Lair of Beasts)
Wands
 f - a wand of enslavement (5)
   (You found it on level 7 of the Dungeon)
 A - a wand of iceblast (22)
   (You found it on level 6 of the Dungeon)
 F - a wand of acid (4)
   (You found it on level 9 of the Dungeon)
 L - a wand of paralysis (15)
   (You found it on level 3 of the Lair of Beasts)
 M - a wand of clouds (7)
   (You took it off Maurice on level 8 of the Dungeon)
Scrolls
 p - 5 scrolls of fear
 r - 3 scrolls of identify
 t - 15 scrolls of teleportation
 w - 7 scrolls of remove curse
 z - 2 scrolls of blinking
 E - 3 scrolls of fog
Potions
 a - 4 potions of brilliance
 b - 5 potions of heal wounds
 d - 4 potions of might
 h - 2 potions of lignification
 j - 2 potions of berserk rage
 l - a potion of ambrosia
 q - 2 potions of curing
 u - 4 potions of invisibility
 G - 6 potions of flight
 I - 3 potions of magic
 N - a potion of stabbing {unknown}
Comestibles
 e - 19 rations
 H - 27 chunks of flesh


   Skills:
 + Level 14.2 Fighting
 * Level 18.9 Axes
 + Level 14.2 Armour
 + Level 14.2 Shields
 + Level 11.5 Invocations


You had 14 spell levels left.
You didn't know any spells.
Your spell library was empty.

Dungeon Overview and Level Annotations

Branches:
Dungeon (9/15)             Temple (0/1) D:6            Lair (6/6) D:9
 Shoals (4/4) Lair:2       Spider (4/4) Lair:3        Slime (0/5) Lair:5
  Sewer (visited)         Ossuary (visited)
    Orc: D:9-12

Altars:
Cheibriados
Kikubaaqudgha
Makhleb
Ru
Xom
Zin
The Shining One

Shops:
D:8 *

Portals:
Abyss: Spider:1

Annotations:
Lair:5 exclusion: oklob plant
Shoals:1 Roxanne
Spider:1 2 transporters, Lugonue's ghost, novice FeVM


Innate Abilities, Weirdness & Mutations

You reflexively headbutt those who attack you in melee.
You have a pair of horns on your head.
You passively map a small area around you.
Your muscles are strong. (Str +2)
You expend magic power (3 MP) to strengthen your wands.


Message History

The merfolk impaler hits you with a +3 vorpal trident!
* * * LOW HITPOINT WARNING * * *
x2 You are too injured to fight recklessly!
You cut the merfolk javelineer into ribbons!!!
You burn the merfolk javelineer!
Your headbutt misses the merfolk javelineer.
The merfolk javelineer is severely wounded.
You slice the merfolk javelineer!! You burn the merfolk javelineer.
You miss the merfolk impaler. You barely miss the merfolk impaler.
The merfolk impaler closely misses you.
The merfolk javelineer throws a javelin.
The javelin pierces through you!
* * * LOW HITPOINT WARNING * * *
The merfolk impaler hits you but does no damage. x2
The merfolk siren closely misses you. The snapping turtle misses you.
You block the merfolk impaler's attack.
The merfolk javelineer throws a silver javelin.
The silver javelin pierces through you but does no damage.
The silver sears you!
You die...

≈ ,, ##.≈≈≈≈≈ ≈≈≈≈≈≈≈ , ,
##÷≈≈≈≈≈ ≈≈≈≈≈≈≈≈≈. *
#..≈≈≈≈≈ ≈≈≈≈≈≈≈≈≈≈ ,,
#...≈≈≈≈ ≈≈≈≈≈≈≈≈≈≈≈ ,
*###..≈≈≈ ≈≈≈≈≈≈≈≈≈ ####..
##.≈≈≈
≈≈≈≈≈≈≈≈##t≈(##..####..≈≈≈
≈
≈≈≈≈≈≈..#)mm.≈#........≈≈≈
#≈≈(....(@mm.(#.......≈≈≈≈
,
*#≈.....#mmm..#######..≈≈≈
* , #......##...## ##...≈≈
,#.......###### ##.≈≈≈..
,, #............# #.......
#............# #....(.#
#.(...........# #..##P(#
..............# #..#P.P#
.......≈≈≈≈...# ###.....P#


You could see 4 merfolk impalers, 2 merfolk javelineers, a snapping turtle and a
merfolk siren.

Vanquished Creatures
  Donald (Spider:2)
  3 ghost moths (Spider:4)
  3 emperor scorpions (Spider:4)
  Aizul (Shoals:4)
  3 entropy weavers
  Azrael (Spider:2)
  A spark wasp (Spider:4)
  A merfolk javelineer (Shoals:4)
  A fire dragon (Lair:6)
  Harold (D:8)
  A merfolk impaler (Shoals:4)
  A merfolk aquamancer (Shoals:4)
  4 hydras
  2 merfolk avatars
  An alligator snapping turtle (Shoals:4)
  A satyr (Shoals:4)
  Sonja (Lair:1)
  5 sea snakes
  A lindwurm (Lair:6)
  10 orb spiders
  19 wolf spiders
  12 harpies
  2 cyclopes (Shoals:4)
  3 fauns
  4 manticores
  4 black mambas
  6 moths of wrath
  5 merfolk sirens
  4 water nymphs
  Maurice (D:8)
  2 torpor snails
  2 molten gargoyles (Lair:6)
  10 spiny frogs
  7 komodo dragons
  A rime drake (Lair:6)
  7 demonic crawlers
  27 jumping spiders
  8 merfolk
  A troll (D:9)
  5 hornets (Spider:4)
  3 wind drakes
  4 blink frogs (Lair:5)
  8 hippogriffs
  15 dream sheep
  3 snapping turtles
  56 redbacks
  14 yaks
  16 tarantellas
  A water elemental (Shoals:4)
  5 fire elementals (Spider:2)
  3 wyverns (Lair:6)
  2 chaos spawn (D:8)
  6 basilisks
  A steam dragon (D:7)
  Menkaure (D:5)
  8 water moccasins
  Duvessa (D:6)
  5 hell hounds
  9 porcupines
  2 orc warriors
  2 black bears
  2 phantoms
  21 wolves
  9 ogres
  6 crocodiles
  4 centaurs
  16 bullfrogs
  Blork the orc (D:6)
  A wyvern zombie (D:9)
  Dowan (D:6)
  2 water moccasin skeletons
  3 scorpions
  6 wights (D:9)
  A howler monkey (D:7)
  An electric eel (Spider:4)
  3 lava snakes (Lair:6)
  2 crimson imps (D:9)
  A quasit (D:7)
  A centaur zombie (D:8)
  6 hounds
  3 jellies
  5 orc wizards
  A bullfrog skeleton (D:6)
  6 orc priests
  A centaur skeleton (D:6)
  Ijyb (D:4)
  An iguana (D:4)
  5 worker ants
  A big kobold zombie (Ossuary)
  2 hound zombies
  3 mummies (Ossuary)
  4 gnolls (D:7)
  A worker ant zombie (D:5)
  8 adders
  A shadow imp (D:9)
  2 oozes (D:3)
  An adder skeleton (D:8)
  5 adder zombies (Ossuary)
  2 worms (D:3)
  3 dart slugs
  3 leopard geckos
  18 orcs
  13 bats
  3 giant cockroaches
  A hobgoblin (D:3)
  12 jackals
  3 quokkas
  3 ball pythons
  4 frilled lizards
  2 goblins
  4 goblin zombies (Ossuary)
  A jackal skeleton (D:5)
  4 kobolds
  2 kobold zombies (Ossuary)
  A leopard gecko skeleton (D:6)
  A leopard gecko zombie (D:6)
  A quokka skeleton (D:5)
  3 quokka zombies
  2 rats
  5 rat zombies
  2 fungi
  5 plants
574 creatures vanquished.

Vanquished Creatures (collateral kills)
  2 entropy weavers (Spider:4)
  A wolf spider (Spider:4)
  3 orb spiders (Spider:4)
  6 jumping spiders (Spider:4)
  3 tarantellas (Spider:4)
  5 redbacks (Spider:4)
20 creatures vanquished.

Vanquished Creatures (others)
  A harpy (Shoals:4)
  A faun (Shoals:1)
  A black mamba (Lair:5)
  A fungus (Lair:6)
  2 plants (Shoals:4)
6 creatures vanquished.

Grand Total: 600 creatures vanquished

Notes
Turn   | Place    | Note
-------+----------+-------------------------------------------
     0 | D:1      | Flugslaktarn the Minotaur Fighter began the quest for the
                  | Orb.
     0 | D:1      | Reached XP level 1. HP: 19/19 MP: 0/0
   258 | D:1      | Reached XP level 2. HP: 23/27 MP: 1/1
   326 | D:2      | Reached skill level 3 in Axes
   468 | D:3      | Found a glowing drain.
   477 | Sewer    | Entered a sewer
   593 | Sewer    | Reached XP level 3. HP: 31/33 MP: 2/2
  1018 | D:3      | Noticed an ogre
  1027 | D:3      | Killed an ogre
  1027 | D:3      | Reached skill level 4 in Axes
  1027 | D:3      | Reached XP level 4. HP: 12/41 MP: 3/3
  1032 | D:3      | HP: 2/41 [worm (6)]
  1372 | D:3      | Reached XP level 5. HP: 5/47 MP: 4/4
  1836 | D:4      | Reached skill level 5 in Axes
  1919 | D:4      | Reached skill level 5 in Armour
  1919 | D:4      | Reached XP level 6. HP: 42/55 MP: 5/5
  2028 | D:4      | Found an ancient bone altar of Kikubaaqudgha.
  2068 | D:4      | Reached skill level 5 in Fighting
  2068 | D:4      | Reached skill level 5 in Shields
  2280 | D:4      | Noticed Ijyb
  2288 | D:4      | Killed Ijyb
  2314 | D:4      | Reached skill level 6 in Axes
  2321 | D:4      | Reached XP level 7. HP: 60/61 MP: 6/6
  2462 | D:4      | Found a glowing golden altar of the Shining One.
  2592 | D:4      | Found a burning altar of Makhleb.
  2681 | D:4      | Became a worshipper of Makhleb the Destroyer
  2916 | D:5      | Entered Level 5 of the Dungeon
  3051 | D:5      | Noticed Menkaure
  3056 | D:5      | Killed Menkaure
  3056 | D:5      | Reached skill level 1 in Invocations
  3330 | D:5      | Reached skill level 7 in Axes
  3338 | D:5      | Got a dazzling kite shield
  3374 | D:5      | Identified the cursed -3 kite shield of Bigeh {rF+ rC+
                  | Dex-3} (You found it on level 5 of the Dungeon)
  3740 | D:5      | Reached XP level 8. HP: 68/70 MP: 8/8
  4101 | D:6      | Found a staircase to the Ecumenical Temple.
  4255 | D:6      | Noticed Blork the orc
  4272 | D:6      | Killed Blork the orc
  4272 | D:6      | Reached * piety under Makhleb
  4282 | D:6      | Reached skill level 8 in Axes
  4739 | D:6      | Noticed Duvessa
  4739 | D:6      | Noticed Dowan
  4745 | D:6      | Killed Duvessa
  4753 | D:6      | Killed Dowan
  5111 | D:6      | Found a snail-covered altar of Cheibriados.
  5115 | D:6      | Found a glowing silver altar of Zin.
  5120 | D:6      | Found a sacrificial altar of Ru.
  5303 | D:7      | Reached XP level 9. HP: 74/78 MP: 10/10
  5421 | D:7      | Reached skill level 9 in Axes
  5605 | D:7      | Found a sand-covered staircase.
  5651 | Ossuary  | Entered an ossuary
  5749 | Ossuary  | Reached ** piety under Makhleb
  5857 | D:7      | Found a glowing golden altar of the Shining One.
  5901 | D:7      | Gained mutation: You are dopey. (Int -2) [potion of
                  | mutation]
  5901 | D:7      | Gained mutation: You expend magic power (3 MP) to
                  | strengthen your wands. [potion of mutation]
  5902 | D:7      | Lost mutation: You expend magic power (3 MP) to strengthen
                  | your wands. [potion of mutation]
  5902 | D:7      | Lost mutation: You are dopey. (Int -2) [potion of mutation]
  5902 | D:7      | Gained mutation: You are frail. (-10% HP) [potion of
                  | mutation]
  5902 | D:7      | Gained mutation: You passively map a small area around you.
                  | [potion of mutation]
  5902 | D:7      | Gained mutation: You are dopey. (Int -2) [potion of
                  | mutation]
  5902 | D:7      | Gained mutation: You are partially covered in slimy green
                  | scales. (AC +2) [potion of mutation]
  6605 | D:8      | Noticed Maurice
  6626 | D:8      | Killed Maurice
  6985 | D:8      | Reached skill level 10 in Axes
  6995 | D:8      | Found a shimmering altar of Xom.
  6996 | D:8      | Found the +7 mace of Variability {chain chaos}
  7109 | D:8      | Found Muhye's General Store.
  7127 | D:8      | Noticed Harold
  7137 | D:8      | Killed Harold
  7137 | D:8      | Reached XP level 10. HP: 50/79 MP: 12/12
  7327 | D:8      | Reached skill level 5 in Invocations
  7623 | D:8      | Reached *** piety under Makhleb
  7849 | D:9      | Reached skill level 11 in Axes
  8511 | D:9      | Found a staircase to the Lair.
  8812 | Lair:1   | Entered Level 1 of the Lair of Beasts
  9197 | Lair:1   | Noticed a spiny frog
  9200 | Lair:1   | Noticed Sonja
  9203 | Lair:1   | Killed a spiny frog
  9217 | Lair:1   | Killed Sonja
  9745 | Lair:2   | Noticed a spiny frog
  9751 | Lair:2   | Killed a spiny frog
  9751 | Lair:2   | Reached skill level 12 in Axes
  9751 | Lair:2   | Reached XP level 11. HP: 72/87 MP: 14/14
 10180 | Lair:2   | Noticed a six-headed hydra
 10187 | Lair:2   | Killed a three-headed hydra
 10350 | Lair:2   | You fall into a shaft and drop 2 floors!
 10353 | Lair:4   | Reached **** piety under Makhleb
 10715 | Lair:2   | Found a staircase to the Shoals.
 11140 | Lair:3   | Found a hole to the Spider Nest.
 11158 | Lair:3   | Reached skill level 13 in Axes
 11163 | Lair:3   | Reached skill level 10 in Shields
 11164 | Lair:3   | Reached skill level 10 in Armour
 11164 | Lair:3   | Reached skill level 10 in Fighting
 11313 | Lair:3   | You fall into a shaft and drop 2 floors!
 11387 | Lair:5   | Noticed a five-headed hydra
 11392 | Lair:5   | Killed a three-headed hydra
 11647 | Lair:4   | Reached XP level 12. HP: 96/96 MP: 16/16
 11771 | Lair:3   | Found an ancient bone altar of Kikubaaqudgha.
 11772 | Lair:3   | Noticed an eight-headed hydra
 11781 | Lair:3   | Killed a four-headed hydra
 11904 | Lair:3   | Noticed a five-headed hydra
 11907 | Lair:3   | Reached ***** piety under Makhleb
 11912 | Lair:3   | Killed a two-headed hydra
 12485 | Lair:4   | Reached skill level 14 in Axes
 13454 | Lair:6   | Entered Level 6 of the Lair of Beasts
 13454 | Lair:6   | Found a snail-covered altar of Cheibriados.
 14035 | Lair:6   | Found a large runed translucent door.
 14035 | Lair:6   | Found a large runed translucent door.
 14035 | Lair:6   | Noticed a fire dragon
 14200 | Lair:6   | Reached skill level 15 in Axes
 14329 | Lair:6   | Reached XP level 13. HP: 104/104 MP: 18/18
 14391 | Lair:6   | Killed a fire dragon
 15097 | Spider:1 | Entered Level 1 of the Spider Nest
 15129 | Spider:1 | Noticed an entropy weaver
 15457 | Spider:1 | Noticed a tentacled starspawn
 15460 | Spider:1 | Found a one-way gate to the infinite horrors of the Abyss.
 15460 | Spider:1 | Noticed Lugonue's ghost (novice FeVM)
 15461 | Spider:1 | Noticed a tentacled starspawn
 15469 | Spider:1 | Found a transporter.
 15478 | Spider:1 | Noticed a white very ugly thing
 15478 | Spider:1 | Noticed a starcursed mass
 15482 | Spider:1 | Found a transporter.
 15521 | Spider:1 | Killed an entropy weaver
 15824 | Spider:1 | Reached skill level 16 in Axes
 16122 | Spider:2 | Noticed Donald
 16129 | Spider:2 | Reached ****** piety under Makhleb
 16136 | Spider:2 | Reached XP level 14. HP: 100/114 MP: 20/20
 16149 | Spider:2 | Killed Donald
 16365 | Spider:2 | Noticed Azrael
 16389 | Spider:2 | Killed Azrael
 16392 | Spider:2 | Reached skill level 10 in Invocations
 16419 | Spider:3 | Noticed an entropy weaver
 16430 | Spider:3 | Killed an entropy weaver
 16452 | Spider:4 | Entered Level 4 of the Spider Nest
 16474 | Spider:4 | Noticed an entropy weaver
 16485 | Spider:4 | Killed an entropy weaver
 16485 | Spider:4 | Reached skill level 17 in Axes
 17266 | Spider:4 | Noticed an entropy weaver
 17272 | Spider:4 | Killed an entropy weaver
 17293 | Spider:4 | Noticed an entropy weaver
 17296 | Spider:4 | Killed an entropy weaver
 17343 | Spider:4 | Killed a ghost moth
 17353 | Spider:4 | Noticed an emperor scorpion
 17353 | Spider:4 | Noticed an emperor scorpion
 17353 | Spider:4 | Noticed an emperor scorpion
 17370 | Spider:4 | Killed a ghost moth
 17370 | Spider:4 | Killed an emperor scorpion
 17370 | Spider:4 | Killed an emperor scorpion
 17370 | Spider:4 | Reached XP level 15. HP: 122/122 MP: 0/22
 17447 | Spider:4 | Reached skill level 18 in Axes
 17452 | Spider:4 | Killed a ghost moth
 17490 | Spider:4 | Got a gossamer rune of Zot
 17958 | Shoals:1 | Entered Level 1 of the Shoals
 18114 | Shoals:1 | Noticed Roxanne
 18609 | Shoals:4 | Entered Level 4 of the Shoals
 18618 | Shoals:4 | Noticed Aizul
 18639 | Shoals:4 | Killed Aizul
 18804 | Shoals:4 | Lost mutation: You are dopey. (Int -2) [potion of mutation]
 18804 | Shoals:4 | Lost mutation: You are frail. (-10% HP) [potion of
                  | mutation]
 18804 | Shoals:4 | Lost mutation: You are partially covered in slimy green
                  | scales. (AC +2) [potion of mutation]
 18804 | Shoals:4 | Gained mutation: You expend magic power (3 MP) to
                  | strengthen your wands. [potion of mutation]
 18804 | Shoals:4 | Gained mutation: Your muscles are strong. (Str +2) [potion
                  | of mutation]
 19219 | Shoals:4 | HP: 1/138 [merfolk javelineer/javelin (9)]
 19219 | Shoals:4 | Hit by a silver javelin thrown by a merfolk javelineer

Levels and vault maps discovered:
D:1:      giann_bridges, layout_loops_ring, hangedman_abyss_or_decor_lesser_grid
D:2:      layout_loops_ring, nemelex_xobeh_ov_fountains_minmay, first_ration
D:3:      layout_basic, cheibrodos_sewer_entry_drain
D:4:      layout_basic, lemuel_zombie_altar_kikubaaqudgha, tso_oasis_becter,
          makhleb_heckhound_becter, uniq_ijyb
D:5:      layout_basic, uniq_menkaure
D:6:      layout_loops_ring, minmay_overflow_temple_star_quad,
          minmay_temple_entry_arrows, minmay_crossroads, uniq_duvessa,
          uniq_blork_the_orc
D:7:      layout_loops_corners, chequers_ossuary_entry_cave, basic_altar,
          grunt_ogre_cave
D:8:      layout_basic, serial_shops, kennysheep_mini_moat, grunt_ministairs_12,
          minmay_guarded_unrand_variability, uniq_maurice, uniq_harold
D:9:      layout_stronghold, lair_entry_dummy, minmay_misc_feat_nine_boxes
Lair:1:   layout_chaotic_city, serial_bayou_lagoon_a, uniq_sonja
Lair:2:   layout_cave_pods, minmay_shoals_entry_centaurs,
          nicolae_quartered_pool_little, grunt_megastairs_2
Lair:3:   layout_regular_city, spider_nest_entry_web_field, basic_altar
Lair:4:   layout_small_grid
Lair:5:   layout_gridlike, minmay_slime_entry_oklob_enclosed,
          columned_hall_lemuel, infiniplex_staircase_pool_2, grunt_megastairs_4
Lair:6:   cheibrodos_lair_end_hotspot, layout_regular_city, basic_altar
Shoals:1: layout_shoals, uniq_roxanne
Shoals:2: layout_shoals, uniq_ilsuiw
Shoals:3: layout_shoals, ebering_ghost_gozag
Shoals:4: shoals_end_simple, layout_shoals, uniq_aizul
Spider:1: layout_spider_delve, gammafunk_ghost_abyssal_escape
Spider:2: layout_spider_delve, uniq_donald, uniq_azrael
Spider:3: layout_spider_delve
Spider:4: spider_rune_water

Skill      XL: |  1  2  3  4  5  6  7  8  9 10 11 12 13 14 15 |
---------------+----------------------------------------------+-----
Axes           | 3 4 5 6 7 8 10 12 13 15 16 17 18 | 18.9
Armour         | 4 5 6 7 8 9 10 11 12 13 14 | 14.2
Shields        | 4 5 6 8 9 10 11 12 13 14 | 14.2
Fighting       | 4 5 6 8 9 10 11 12 13 14 | 14.2
Invocations    | 1 3 4 6 7 8 9 10 11 | 11.5

Action                   |  1- 3 |  4- 6 |  7- 9 | 10-12 | 13-15 || total
-------------------------+-------+-------+-------+-------+-------++-------
Melee: War axe           |    74 |    79 |   156 |       |       ||   309
       Headbutt          |    13 |    15 |    60 |    84 |   160 ||   332
       Broad axe         |       |       |   179 |   511 |   746 ||  1436
Invok: Greater Servant o |       |       |       |       |     2 ||     2
Evoke: Wand              |       |       |     1 |       |     5 ||     6
  Use: Scroll            |       |       |    20 |     7 |    10 ||    37
       Potion            |       |       |     2 |       |     5 ||     7
 Stab: Distracted        |       |       |       |       |     2 ||     2
  Eat: Chunk             |     1 |     4 |    12 |    13 |     7 ||    37
       Ration            |       |       |     1 |     3 |     3 ||     7
Armor: Scale mail        |    64 |    10 |       |       |       ||    74
       Plate armour      |       |    26 |   181 |   264 |   508 ||   979
Dodge: Dodged            |    39 |    12 |    41 |    99 |   325 ||   516
Block: Kite shield       |    69 |    50 |   207 |   417 |   745 ||  1488
       Reflection        |       |       |     2 |    10 |    20 ||    32
       Other             |       |       |     1 |       |       ||     1

Table legend:
 A = Non-vault XP
 B = Vault XP
 C = Vault XP percentage of total XP
 D = Non-vault monster count
 E = Vault monster count
 F = Vault count percentage of total count
                 A         B        C        D         E       F
            +---------+---------+-------+---------+---------+-------
      Total |   97832 |   50619 |  34.1 |     434 |     155 |  26.3
            +---------+---------+-------+---------+---------+-------
        D:1 |      12 |       0 |   0.0 |       7 |       0 |   0.0
        D:2 |      15 |       0 |   0.0 |       2 |       0 |   0.0
        D:3 |     214 |       6 |   2.7 |      20 |       2 |   9.1
        D:4 |     493 |      77 |  13.5 |      12 |       3 |  20.0
        D:5 |     520 |     169 |  24.5 |      18 |       1 |   5.3
        D:6 |     521 |     317 |  37.8 |      20 |       4 |  16.7
        D:7 |    1040 |     121 |  10.4 |      19 |       1 |   5.0
        D:8 |    1098 |    1795 |  62.0 |      24 |       5 |  17.2
        D:9 |    1530 |       0 |   0.0 |      23 |       0 |   0.0
     Lair:1 |    1521 |     277 |  15.4 |       7 |       1 |  12.5
     Lair:2 |    4171 |     808 |  16.2 |      15 |       5 |  25.0
     Lair:3 |    5752 |       0 |   0.0 |      28 |       0 |   0.0
     Lair:4 |    3556 |       0 |   0.0 |      22 |       0 |   0.0
     Lair:5 |    4766 |    1123 |  19.1 |      21 |       2 |   8.7
     Lair:6 |    3230 |    6991 |  68.4 |      11 |      23 |  67.6
   Shoals:1 |    8793 |       0 |   0.0 |      21 |       0 |   0.0
   Shoals:2 |    5612 |       0 |   0.0 |      10 |       0 |   0.0
   Shoals:4 |    9319 |   11768 |  55.8 |      19 |      18 |  48.6
   Spider:1 |   15054 |       0 |   0.0 |      41 |       0 |   0.0
   Spider:2 |   14790 |    4674 |  24.0 |      46 |       9 |  16.4
   Spider:3 |    3057 |       0 |   0.0 |       7 |       0 |   0.0
   Spider:4 |   12768 |   22341 |  63.6 |      41 |      44 |  51.8
      Sewer |       0 |      28 | 100.0 |       0 |      16 | 100.0
    Ossuary |       0 |     124 | 100.0 |       0 |      21 | 100.0
            +---------+---------+-------+---------+---------+-------
